 Dungeon Crawl Stone Soup version 0.28-a0-1339-ga5422284a4 (webtiles) character file.

Game seed: 17206339270363630895

261 SensoryNuts the Covered (level 5, -3/41 HPs)
             Began as a Demonspawn Fighter on Dec 28, 2021.
             Slain by an ogre (6 damage)
             ... on level 3 of the Dungeon.
             The game lasted 00:05:12 (3385 turns).

SensoryNuts the Covered (Demonspawn Fighter)        Turns: 3385, Time: 00:05:13

Health: -3/41      AC: 18    Str: 18    XL:     5   Next: 96%
Magic:  0/5        EV:  5    Int:  9    God:
Gold:   59         SH:  5    Dex: 13    Spells: 4/4 levels left

rFire   . . .      SeeInvis .   a - +0 long sword
rCold   . . .      Faith    .   c - +0 buckler
rNeg    . . .      Spirit   +   i - +0 plate armour
rPois   .          Reflect  .   (no helmet)
rElec   .          Harm     .   (no cloak)
rCorr   .          Rampage  .   (no gloves)
Will    .....      Rage     1%  o - +0 pair of boots
Stlth   ..........              h - amulet of guardian spirit
HPRegen 0.13/turn               (no ring)
MPRegen 0.09/turn               (no ring)

@: sanguine armoured
A: demonic guardian 1, sanguine armour 1, berserk 1, MP-powered wands
a: no special abilities


You were on level 3 of the Dungeon.
You visited 1 branch of the dungeon, and saw 3 of its levels.

You collected 59 gold pieces.

Inventory:

Hand Weapons
 a - a +0 long sword (weapon)
Armour
 b - a +0 scale mail
 c - a +0 buckler (worn)
 i - a +0 plate armour (worn)
 o - a +0 pair of boots (worn)
Jewellery
 h - an amulet of guardian spirit (around neck)
Wands
 m - a wand of iceblast (7)
Scrolls
 e - a scroll of identify {unknown}
 l - a scroll of teleportation
Potions
 d - 2 potions of flight


   Skills:
 + Level 3.5 Fighting
 * Level 3.6 Long Blades
 + Level 3.8 Armour
 + Level 1.2 Dodging
 + Level 0.3 Stealth
 + Level 3.5 Shields


You had 4 spell levels left.
You didn't know any spells.
Your spell library was empty.

Dungeon Overview and Level Annotations

Branches:
Dungeon (3/15)

Altars:


Innate Abilities, Weirdness & Mutations

A weak demonic guardian rushes to your aid.
When seriously injured, your blood forms armour. (AC +6)
You tend to lose your temper in combat.
You expend magic power (3 MP) to strengthen your wands.


Message History

You are too injured to fight recklessly!
You are too injured to fight recklessly!
You are too injured to fight recklessly!
You are too injured to fight recklessly!
You are too injured to fight recklessly!
You are too injured to fight recklessly!
You are too injured to fight recklessly!
You are too injured to fight recklessly!
You are too injured to fight recklessly!
You are too injured to fight recklessly!
You are too injured to fight recklessly!
You are too injured to fight recklessly!
You are too injured to fight recklessly!
You are too injured to fight recklessly!
You are too injured to fight recklessly!
You are too injured to fight recklessly!
You are too injured to fight recklessly!
Okay, then.
Okay, then.
You barely miss the ogre. The kobold hits you but does no damage.
The ogre hits you with a +0 giant club!
* * * LOW HITPOINT WARNING * * *
The kobold barely misses you.
You hit the ogre.
The ogre is moderately wounded.
The ogre hits you but does no damage. The kobold hits you but does no damage.
You barely miss the ogre.
The ogre is moderately wounded.
The ogre hits you with a +0 giant club!
* * * LOW HITPOINT WARNING * * *
A demonic guardian appears!
The kobold hits you but does no damage.
You slash the ogre!
The ogre is severely wounded.
The ogre hits you but does no damage. The kobold hits you but does no damage.
You hit the ogre.
The ogre is almost dead.
Your quasit bites the ogre.
Your quasit barely misses the ogre.
Your quasit claws the ogre but does no damage.
The ogre hits you with a +0 giant club!
You die...

#...# #...# #...# #...#
#...# #...# #..S# #.KO#
#.5@# #...# #...# #...#
#...# #...# #...#
#####...################
...........†............


You could see an ogre (ally target), an adder, a kobold and a friendly quasit
(summoned).

Vanquished Creatures
  A water moccasin skeleton (D:2)
  A centaur zombie (D:3)
  An orc priest (D:3)
  Jessica (D:3)
  An orc wizard (D:3)
  Robin (D:3)
  2 worms
  2 endoplasms (D:3)
  A giant cockroach (D:1)
  12 goblins
  11 hobgoblins
  A quokka (D:2)
  4 ball pythons
  3 bats
  3 frilled lizards
  A kobold (D:2)
  7 rats
53 creatures vanquished.

Vanquished Creatures (collateral kills)
  An orc priest (D:3)
  An orc (D:3)
  2 goblins (D:3)
4 creatures vanquished.

Grand Total: 57 creatures vanquished

Notes
Turn   | Place    | Note
-------+----------+-------------------------------------------
     0 | D:1      | SensoryNuts the Demonspawn Fighter began the quest for the
                  | Orb.
     0 | D:1      | Reached XP level 1. HP: 18/18 MP: 1/1
   591 | D:1      | Gained mutation: When seriously injured, your blood forms
                  | armour. (AC +6) [demonic ancestry]
   591 | D:1      | Reached XP level 2. HP: 9/24 MP: 2/2
  1488 | D:2      | Reached XP level 3. HP: 23/29 MP: 3/3
  1497 | D:2      | Reached skill level 1 in Dodging
  1497 | D:2      | Gained mutation: A weak demonic guardian rushes to your
                  | aid. [demonic ancestry]
  1497 | D:2      | Reached XP level 4. HP: 23/35 MP: 4/4
  2142 | D:2      | Gained mutation: You tend to lose your temper in combat.
                  | [potion of mutation]
  2142 | D:2      | Gained mutation: You expend magic power (3 MP) to
                  | strengthen your wands. [potion of mutation]
  2402 | D:3      | Noticed Robin
  2601 | D:3      | Killed Robin
  2609 | D:3      | Found a faded altar of an unknown god.
  2680 | D:3      | Reached XP level 5. HP: 36/39 MP: 5/5
  2980 | D:3      | Noticed Jessica
  2989 | D:3      | Killed Jessica
  3371 | D:3      | Noticed an ogre
  3385 | D:3      | Slain by an ogre

Illustrated notes

Levels and vault maps discovered:
D:1:      lightli_arrival_statue_moat, layout_loops_corners,
          amcnicky_mini_rare_corridor_liquid
D:2:      layout_rooms, serial_rivers, chequers_serial_rivers_room_b,
          chequers_serial_rivers_small_b, chequers_serial_rivers_room_a,
          chequers_serial_rivers_micro_b, minmay_vboxes
D:3:      layout_basic, lightli_sewer_entry_pipes,
          nicolae_ecumenical_lake_church, uniq_robin, uniq_jessica

Skill      XL: |  1  2  3  4 |
---------------+-------------+-----
Armour         | 3 |  3.8
Shields        | 3 |  3.5
Long Blades    | 2 3 |  3.6
Dodging        | 1 |  1.2
Fighting       | |  3.5
Stealth        | |  0.3

Action                   |  1- 3 |  4- 6 || total
-------------------------+-------+-------++-------
Melee: Long sword        |   112 |   100 ||   212
  Use: Potion            |       |     7 ||     7
       Scroll            |       |     1 ||     1
Armor: Scale mail        |    76 |     6 ||    82
       Plate armour      |       |   137 ||   137
Dodge: Dodged            |    64 |    46 ||   110
Block: Buckler           |    22 |    42 ||    64

Table legend: (Time is in decaauts)
 A = Elapsed time spent in this place.
 B = Non-inter-level travel time spent in this place.
 C = Inter-level travel time spent in this place.
 D = Time resting spent in this place.
 E = Time spent auto-exploring this place.
 F = Levels seen in this place.
 G = Mean time per level.
                   A        B        C        D        E       F      G
               +--------+--------+--------+--------+--------+-----+--------+
         Total |   3468 |   3163 |    305 |     28 |   2561 |   3 | 1156.0 |
       Dungeon |   3468 |   3163 |    305 |     28 |   2561 |   3 | 1156.0 |
               +--------+--------+--------+--------+--------+-----+--------+

Top non-repeatable levels by time:
     D:2: 1342 daAuts
     D:1: 1315 daAuts
     D:3: 809 daAuts
